 Dungeon Crawl Stone Soup version 0.27.0-1-g7a089689b8 (webtiles) character file.

Game seed: 11266692768820409136

173 belegose the Grave Robber (level 5, 0/42 HPs)
             Began as a Ghoul Necromancer on Aug 6, 2021.
             Slain by Ijyb (3 damage)
             ... on level 3 of the Dungeon.
             The game lasted 00:13:44 (6581 turns).

belegose the Grave Robber (Ghoul Necromancer)       Turns: 6581, Time: 00:13:44

Health: 0/42       AC:  2    Str: 12    XL:     5   Next: 53%
Magic:  0/8        EV: 12    Int: 11    God:
Gold:   104        SH:  0    Dex:  9    Spells: 5/9 levels left

rFire    . . .     SeeInvis .   r - +0 trident
rCold    + . .     Faith    .   (no shield)
rNeg     + + +     Spirit   +   a - +0 robe
rPois    ∞         Reflect  .   (no helmet)
rElec    .         Harm     .   (no cloak)
rCorr    .         Rampage  .   (no gloves)
Will     .....                  (no boots)
Stlth    ++........             p - amulet of guardian spirit
HPRegen  0.00/turn              (no ring)
MPRegen  0.11/turn              (no ring)

@: attractive, flying, inhibited regen
A: claws 1, cold resistance 1, negative energy resistance 3, inhibited
regeneration, torment resistance 2
a: no special abilities


You were on level 3 of the Dungeon.
You visited 1 branch of the dungeon, and saw 3 of its levels.

You collected 104 gold pieces.

Inventory:

Hand Weapons
 b - a +0 dagger
 r - a +0 trident (weapon)
Missiles
 g - 24 bolts
 h - 136 stones (quivered)
 s - 10 poisoned darts
Armour
 a - a +0 robe (worn)
Jewellery
 o - a ring of ice
 p - an amulet of guardian spirit (around neck)
Scrolls
 c - 3 scrolls of teleportation {unknown}
 d - 8 scrolls of identify {unknown}
 j - a scroll of noise {unknown}
 k - a scroll of enchant weapon {unknown}
 m - 2 scrolls of fog {unknown}
 q - a scroll of magic mapping {unknown}
Potions
 l - a potion of curing


   Skills:
 + Level 2.3 Fighting
 + Level 0.1 Polearms
 - Level 1.7 Dodging
 + Level 3.8 Stealth
 + Level 2.7 Spellcasting
 + Level 4.8 Necromancy


You had 5 spell levels left.
You knew the following spells:

 Your Spells              Type           Power      Damage    Failure   Level
a - Pain                  Necr           48%        1d6       3%          1
b - Vampiric Draining     Necr           6%         2d6       12%         3

Your spell library contained the following spells:

 Spells                   Type           Power      Damage    Failure   Level
 Animate Skeleton         Necr           24%        N/A       3%          1
 Animate Dead             Necr           6%         N/A       36%         4
 Static Discharge         Conj/Air       1%         N/A       38%         2
 Agony                    Necr           12%        N/A       71%         5
 Lightning Bolt           Conj/Air       0%         1d11      100%        5
 Maxwell's Capacitive Co  Air            0%         ∞         100%        8


Dungeon Overview and Level Annotations

Branches:
Dungeon (3/15)

Altars:

Shops:
D:3 :

Annotations:
D:2 exclusion: worm
D:3 Ijyb


Innate Abilities, Weirdness & Mutations

You thrive by killing the living.
You are immune to poison.
You have sharp fingernails.
Your flesh is cold resistant. (rC+)
You are immune to negative energy. (rN+++)
You do not regenerate when monsters are visible.
You are immune to unholy pain and torment.


Message History

You hit Ijyb but do no damage.
Ijyb is moderately wounded.
Ijyb hits you with a +1 dagger of flaming.
Ijyb burns you.
* * * LOW HITPOINT WARNING * * *
Casting: Vampiric Draining (dangerous; 12% risk of failure)
Confirm with . or Enter, or press ? or * to list all spells.
You don't have enough magic to cast this spell.
Unknown command.
You hit Ijyb but do no damage.
Ijyb is lightly wounded.
Ijyb barely misses you.
Your magical contamination has completely faded away.
Sorry, you're not good enough to have a special ability.
Okay, then.
Okay, then.
It was a potion of attraction.
You feel attractive to monsters.
Ijyb hits you with a +1 dagger of flaming.
* * * LOW HITPOINT WARNING * * *
Ijyb burns you.
* * * LOW HITPOINT WARNING * * *
It was a potion of flight.
You feel very buoyant.
You fly up into the air.
Ijyb hits you with a +1 dagger of flaming.
* * * LOW HITPOINT WARNING * * *
Ijyb burns you.
* * * LOW HITPOINT WARNING * * *
It was a potion of lignification.
You feel woody for a moment. Ijyb closely misses you.
It was a potion of curing.
You feel better.
Ijyb hits you with a +1 dagger of flaming.
* * * LOW HITPOINT WARNING * * *
Ijyb burns you.
* * * LOW HITPOINT WARNING * * *
You hit Ijyb.
Ijyb is moderately wounded.
Ijyb hits you with a +1 dagger of flaming.
You die...

##.....###.#.##.##.# #.......#
#.......##.#.#..##.# #.##.##.##
.........#.#....##.###.##.#...###
.........'.......................
.........####...######.#.<....###
#.......## ##..######.#...#.##
##.....## #.......##.##.##.#
##...## #.......##.##.##.#
####+#### #..)@...##.......#
........# #...g...#####.####
.###.##.# #.......# #.# )###.##.#
#.......# #.# .##...#.###
#.......# #.#
..........######.#### #.# #####
.##...#.#........# #.# #....
........########## #####.###.###
####.#### #......<..# #


You could see Ijyb.

Vanquished Creatures
  7 gnolls
  An adder (D:3)
  3 worms (D:3)
  6 dart slugs
  2 orcs (D:3)
  4 endoplasms (D:1)
  3 giant cockroaches (D:1)
  8 goblins
  11 hobgoblins
  7 jackals
  A quokka (D:3)
  2 ball pythons
  4 bats
  3 frilled lizards
  7 kobolds
  6 rats
75 creatures vanquished.

Notes
Turn   | Place    | Note
-------+----------+-------------------------------------------
     0 | D:1      | belegose the Ghoul Necromancer began the quest for the Orb.
     0 | D:1      | Reached XP level 1. HP: 14/14 MP: 2/2
   327 | D:1      | Reached XP level 2. HP: 11/22 MP: 0/3
   948 | D:1      | Reached skill level 1 in Fighting
  1013 | D:1      | Reached XP level 3. HP: 26/28 MP: 5/5
  1771 | D:2      | Learned a level 3 spell: Vampiric Draining
  2004 | D:2      | Found a faded altar of an unknown god.
  2402 | D:2      | HP: 1/28 [gnoll (1)]
  2965 | D:3      | Reached XP level 4. HP: 35/35 MP: 0/6
  4292 | D:2      | Reached XP level 5. HP: 20/41 MP: 1/7
  5094 | D:3      | Found Monnaeg's Book Shoppe.
  6284 | D:3      | Noticed Ijyb
  6581 | D:3      | Slain by Ijyb

Illustrated notes

Levels and vault maps discovered:
D:1:      ncdulo_wetmaze, layout_rooms
D:2:      layout_basic, basic_ecumenical_altar
D:3:      kennysheep_goblin_castle, layout_loops_corners, serial_shops,
          nicolae_shop_temple_entry_statues_fountains,
          kennysheep_decorative_pillar, dk_noncrumbling_2

Skill      XL: |  1  2  3  4 |
---------------+-------------+-----
Spellcasting   | 2 |  2.7
Fighting       | 1 2 |  2.3
Stealth        | 3 |  3.8
Polearms       | |  0.1
Dodging        | |  1.7
Necromancy     | |  4.8

Action                   |  1- 3 |  4- 6 || total
-------------------------+-------+-------++-------
Melee: Dagger            |   118 |    14 ||   132
       Mace              |       |    29 ||    29
       Trident           |       |    65 ||    65
Throw: Stone             |     4 |     8 ||    12
 Cast: Pain              |    54 |    60 ||   114
  Use: Potion            |       |     4 ||     4
 Stab: Sleeping          |     1 |     4 ||     5
       Distracted        |     1 |       ||     1
Armor: Robe              |    30 |    15 ||    45
Dodge: Dodged            |    83 |    82 ||   165
